 Dungeon Crawl Stone Soup version 0.17.0-28-g6e173f8 (webtiles) character file.

50 homeworkjunkie the Sneak (level 3, 0/16 HPs)
             Began as a Spriggan Assassin on Nov 24, 2015.
             Was an Initiate of Okawaru.
             Succumbed to poison (a potion of poison)
             ... on level 2 of the Dungeon.
             The game lasted 00:03:45 (1973 turns).

homeworkjunkie the Sneak (Spriggan Assassin)        Turns: 1973, Time: 00:03:45

Health: 0/16       AC:  2    Str:  7    XL:     3   Next: 55%
Magic:  4/4        EV: 17    Int: 12    God:    Okawaru [......]
Gold:   118        SH:  0    Dex: 18    Spells: 0 memorised, 2 levels left

rFire  . . .     SeeInvis +     a - +2 dagger
rCold  . . .     Clarity  .     c - +0 robe
rNeg   . . .     SustAt   .     (shield restricted)
rPois  .         Gourm    .     (helmet restricted)
rElec  .         Spirit   .     d - +0 cloak
rCorr  .         Warding  .     (gloves unavailable)
rMut   .         Stasis   .     (boots unavailable)
MR     .....                    (no amulet)
Stlth  ++++......               (no ring)
                                (no ring)

@: lethally poisoned (0 -> -21), very quick, not resistant to hostile
enchantments, stealthy
A: unfitting armour, horns 1, see invisible, deformed body, herbivore 3, speed
3, frail 1, slow metabolism 2
a: Renounce Religion


You were on level 2 of the Dungeon.
You worshipped Okawaru.
Okawaru was noncommittal.
You were not hungry.

You visited 1 branch of the dungeon, and saw 3 of its levels.

You collected 118 gold pieces.

Inventory:

Hand Weapons
 a - a +2 dagger (weapon)
 b - a +0 blowgun
Missiles
 e - 28 poisoned needles
 f - 2 curare-tipped needles
Armour
 c - a +0 robe (worn)
 d - a +0 cloak (worn)
Scrolls
 i - 4 scrolls of blinking
 j - a scroll of remove curse
 m - 3 scrolls of identify
Potions
 l - a potion of poison
Comestibles
 g - 3 bread rations
 h - a slice of pizza
 n - a royal jelly


   Skills:
 * Level 1.7 Fighting
 * Level 2.5 Short Blades
   Level 0.8(2.0) Slings
 * Level 2.2(2.3) Throwing
 * Level 1.9 Dodging
 * Level 7.1 Stealth


You had 2 spell levels left.
You didn't know any spells.

Dungeon Overview and Level Annotations

Branches:
Dungeon (3/15)

Altars:
Cheibriados
Kikubaaqudgha
Okawaru
Vehumet

Annotations:
D:3 Statics's ghost, weakling FoFi


Innate Abilities, Weirdness & Mutations

You are tiny and cannot use many weapons and most armour.
You have supernaturally acute eyesight.
You are a herbivore.
You cover ground extremely quickly.
You need consume almost no food.
You have a pair of small horns on your head.
Armour fits poorly on your strangely shaped body.
You are frail (-10% HP).


Message History

The goblin is almost dead.
You feel sick.
You are no longer poisoned.
You are too injured to fight recklessly!
Drink which item? (? for menu, Esc to quit)
It was a potion of poison.
That liquid tasted very nasty...
You are lethally poisoned!
* * * LOW HITPOINT WARNING * * *
You feel sick. The goblin misses you.
Drink which item? (? for menu, Esc to quit)
It was a potion of mutation.
You feel extremely strange.
You feel frail.
Your body twists and deforms.
A pair of horns grows on your head!
* * * LOW HITPOINT WARNING * * *
You feel sick. The goblin barely misses you.
You see here an adder corpse.
* * * LOW HITPOINT WARNING * * *
You feel sick.
You die...

......###.........#####..##.#....
.....)#.........########.##.#....
#.....#..............S...##.#....
#.....#.........#######...#.#...#
......#.........# ..........#....
......#.........# ..###.#.##....#
..##....#.......# #..........
........#.......#####.#...#..#.#.
........#.......@.....#..........
........#...8.........#..#..#....
.......##..8.8†.......#..#.......
.......##.8._g8.......#.........#
....†..#...8.8....#..........#.##
.......#....8.....#..........#..#
.######...........#....#.....#...
.# #...##...........#........( .#
###...##.....##....#.....#.#.


You could see a goblin.

Vanquished Creatures
  A gnoll (D:1)
  2 adders (D:2)
  A giant cockroach (D:1)
  3 hobgoblins
  2 kobolds (D:1)
  A ball python (D:1)
  5 bats (D:1)
  3 giant newts
  4 goblins (D:1)
  3 rats
25 creatures vanquished.

Notes
Turn   | Place    | Note
--------------------------------------------------------------
     0 | D:1      | homeworkjunkie the Spriggan Assassin began the quest for the Orb.
     0 | D:1      | Reached XP level 1. HP: 10/10 MP: 2/2
    41 | D:1      | Reached skill level 6 in Stealth
   293 | D:1      | Reached XP level 2. HP: 7/14 MP: 3/3
  1302 | D:1      | Reached XP level 3. HP: 18/18 MP: 4/4
  1401 | D:3      | Noticed Statics's ghost (weakling FoFi)
  1463 | D:2      | Found an iron altar of Okawaru.
  1471 | D:2      | Became a worshipper of Warmaster Okawaru
  1792 | D:2      | Reached skill level 7 in Stealth
  1912 | D:2      | Found a radiant altar of Vehumet.
  1922 | D:2      | Found an ancient bone altar of Kikubaaqudgha.
  1939 | D:2      | Found a faded altar to an unknown god.
  1942 | D:2      | Found a snail-covered altar of Cheibriados.
  1970 | D:2      | Gained mutation: You are frail (-10% HP). [potion of mutation]
  1970 | D:2      | Gained mutation: Armour fits poorly on your strangely shaped body. [potion of mutation]
  1970 | D:2      | Gained mutation: You have a pair of small horns on your head. [potion of mutation]
  1973 | D:2      | Succumbed to poison (a potion of poison)

Action                   || total
-------------------------++-------
Melee: Dagger            ||    55
 Fire: Hunting sling     ||    33
  Use: Scroll            ||     5
       Potion            ||     3
 Stab: Sleeping          ||     4
